AoeStats
← [GDL] Maldito Pantoja

African Clearing

513514849Analyzed
3v3 RM · 3d ago on Oct 14, 2026· 31m 54s· 6 players
Game mode
Random Map
Map size
Normal (6 player)
Population
200
Speed
Normal
Resources
Standard
Victory
Conquest
Starting age
Dark Age
Ending age
Imperial Age
RankedLock teamsTeams togetherTeam positionsShared explorationLock speedFull tech treeHidden civsTurbo modeCheats
Victory
Defeat
🇨🇱 Magyars · Chile
1346
+14
🇦🇷 Mapuche · Argentina
1337
+15
🇦🇷 Spanish · Argentina
1290
+17
vs
🇨🇴 Mongols · Colombia
1399
-19
🇲🇽 Vikings · Mexico
1373
-18
🇲🇽 Magyars · Mexico
1143
-9
[GDL]HULKMEN_GT
6:08 Loom
12:23 Feudal Age
17:21 Castle Age
17:26 Double-Bit Axe
17:33 Stone Mining
27:01 Fletching
[GDL] Axolotl
7:29 Loom
13:56 Feudal Age
24:07 Castle Age
23:06 Double-Bit Axe
[GDL] Maldito Pantoja
6:13 Loom
14:00 Feudal Age
18:35 Castle Age
18:41 Castle Age
18:42 Scale Mail Armor
スターダスト
2:59 Loom
12:05 Feudal Age
17:08 Scale Barding Armor
24:15 Castle Age
28:34 Castle Age
29:13 Double-Bit Axe
29:11 Horse Collar
Lexa
4:47 Loom
14:41 Feudal Age
16:28 Stone Mining
16:26 Double-Bit Axe
18:51 Castle Age
19:44 Town Watch
20:21 Bow Saw
20:44 Husbandry
26:42 Ballistics
29:56 Horse Collar
31:36 Heavy Plow
32:18 Wheelbarrow
Severo24cm
5:55 Loom
13:25 Feudal Age
18:18 Castle Age
16:55 Double-Bit Axe
19:47 Fletching
21:38 Bodkin Arrow
27:40 Ballistics
31:37 Ballistics
32:06 Padded Archer Armor
Connection lost

Rejoining the realm…

Still unreachable

The connection could not be restored.

Session expired

The server has moved on; the page needs a fresh start.